 Dungeon Crawl Stone Soup version 0.19-a0-1886-gd64a0f0 (webtiles) character file.

3624 Morenatsu the Grappler (level 9, -4/108 HPs)
             Began as a Troll Monk on Oct 15, 2016.
             Was a Believer of Hepliaklqana.
             Slain by an ice beast (14 damage)
             ... on level 8 of the Dungeon.
             The game lasted 00:20:42 (5556 turns).

Morenatsu the Grappler (Troll Monk)                 Turns: 5556, Time: 00:20:43

Health: -4/108     AC: 24    Str: 24    XL:     9   Next: 87%
Magic:  8/8        EV:  1    Int:  6    God:    Hepliaklqana [**....]
Gold:   450        SH:  0    Dex: 12    Spells: 0 memorised, 8 levels left

rFire  . . .     SeeInvis .       - Unarmed
rCold  . . .     Gourm    +     (armour currently unavailable)
rNeg   + + +     Faith    .     (no shield)
rPois  +         Spirit   .     (helmet currently unavailable)
rElec  .         Dismiss  .     (cloak currently unavailable)
rCorr  .         Reflect  .     (gloves unavailable)
MR     .....     Harm     +     (boots unavailable)
Stlth  ++........ NoTele   +    e - amulet of harm
                                (no ring)
                                (no ring)

@: tree-form
A: unfitting armour, reduced essence, (claws 0), fast metabolism 3, gourmand,
regeneration 1, (shaggy fur 0), (tough skin 0)
a: Recall Ancestor, Ancestor Identity, Renounce Religion


You were on level 8 of the Dungeon.
You worshipped Hepliaklqana.
Hepliaklqana was pleased with you.
You were completely stuffed.
You were a tree.
You visited 2 branches of the dungeon, and saw 9 of its levels.

You collected 450 gold pieces.

Inventory:

Armour
 a - a +0 robe
 m - a +1 animal skin (melded)
Jewellery
 e - an amulet of harm (around neck)
 f - an uncursed amulet of rage
 G - a cursed ring of teleportation
Wands
 s - a wand of digging (22/24)
 x - a wand of confusion (35/48)
 A - a wand of lightning (7/15)
 K - a wand of lightning (4/15)
Scrolls
 c - 6 scrolls of remove curse
 g - 2 scrolls of identify
 h - a scroll of enchant weapon
 j - 2 scrolls of immolation
 u - a scroll of recharging
 y - a scroll of enchant armour
 C - 3 scrolls of teleportation
 I - 2 scrolls of blinking
Potions
 d - 5 potions of might
 k - 2 potions of invisibility
 l - a potion of degeneration
 n - a potion of haste
 p - 4 potions of curing
 t - a potion of ambrosia
 v - 2 potions of brilliance
 D - a potion of cancellation
Comestibles
 b - 9 bread rations
 i - 3 chunks of flesh
 q - 5 meat rations
 w - a royal jelly
 z - 6 fruits
 E - a beef jerky
 H - a slice of pizza


   Skills:
 - Level 2.4 Fighting
 - Level 2.4 Dodging
 - Level 1.0 Stealth
 + Level 13.9 Unarmed Combat


You had 8 spell levels left.
You didn't know any spells.

Dungeon Overview and Level Annotations

Branches:
Dungeon (8/15)             Temple (1/1) D:7
   Lair: D:8-11

Altars:
Ashenzari
Cheibriados
Dithmenos
Elyvilon
Fedhas
Gozag
Hepliaklqana
Kikubaaqudgha
Makhleb
Okawaru
Ru
Sif Muna
Trog
Xom


Innate Abilities, Weirdness & Mutations

You are too large for most types of armour.
((You have claws for hands.))
Your metabolism is lightning-fast.
You like to eat raw meat.
Your natural rate of healing is unusually fast.
((You are covered in fur. (AC +1)))
((You have very tough skin. (AC +2)))
Your life essence is reduced. (-10% HP)


Message History

The orc warrior hits you with a hand axe.
* * * LOW HITPOINT WARNING * * *
You closely miss the orc warrior.
The orc warrior is moderately wounded.
The killer bee stings you but does no damage.
The ice beast hits you but does no damage.
The killer bee stings you but does no damage.
You smack the killer bee!
You kill the killer bee!
The orc warrior hits you but does no damage.
The ice beast hits you but does no damage.
You barely miss the orc warrior.
The orc warrior is moderately wounded.
The orc warrior hits you but does no damage.
You pummel the orc warrior!!
You kill the orc warrior!
The ice beast hits you.
* * * LOW HITPOINT WARNING * * *
The ice beast freezes you!
You die...

,,,,,,,,,,,...........#
,,,,,,,,,.............#
,,,,,,,,,.............#
,,,,,,,,,.............#
,,,,,,,,,.............#
,,,,,,,,,.............#
,,,,,,,,,............##
,,,,,,,,,......)†....#
,,,,,,,,,......)♣....#
,,,,,,,,,......Y)...##
,,,,,,,,,.........)##
,,,,,,,,,..........#
,,,,,,,,,.........##
,,,,,,,,,........##
,,,,<,,,,.......##
,,,,,,,,,......#*
,,,,,,,,,.....#*


You could see an ice beast.

Vanquished Creatures
  2 hippogriffs (D:7)
  The ghost of Armakuni the Slasher, an amateur DEGl (D:4)
  An orc warrior (D:8)
  An ice beast (D:7)
  A sky beast (D:7)
  A phantom (D:4)
  6 ogres
  3 centaurs
  A bullfrog (D:8)
  4 scorpions
  4 killer bees (D:8)
  4 wights
  3 crimson imps
  A jelly (D:5)
  3 centaur zombies
  A gnoll shaman (D:8)
  2 orc priests (D:6)
  2 centaur skeletons
  2 hounds
  2 orc wizards
  2 bullfrog skeletons (D:6)
  An iguana (D:4)
  6 worker ants
  2 hound zombies
  A worker ant zombie (D:7)
  Robin (D:2)
  9 gnolls
  A howler monkey skeleton (D:5)
  7 adders
  An adder zombie (D:8)
  3 worms
  5 dart slugs
  3 leopard geckos
  16 orcs
  5 giant cockroaches
  10 hobgoblins
  8 jackals
  4 quokkas
  A ball python (D:1)
  12 bats
  3 frilled lizards
  10 goblins
  6 kobolds
  A quokka skeleton (D:4)
  7 rats
170 creatures vanquished.

Vanquished Creatures (collateral kills)
  A hippogriff (D:7)
  An ice beast (D:7)
  A crimson imp (D:6)
  An orc priest (D:7)
  3 orcs (D:7)
  A quokka (D:7)
8 creatures vanquished.

Vanquished Creatures (others)
  A hexer (D:8)
1 creature vanquished.

Grand Total: 179 creatures vanquished

Notes
Turn   | Place    | Note
-------+----------+-------------------------------------------
     0 | D:1      | Morenatsu the Troll Monk began the quest for the Orb.
     0 | D:1      | Reached XP level 1. HP: 22/22 MP: 0/0
    69 | D:1      | Reached XP level 2. HP: 27/29 MP: 1/1
   264 | D:1      | Reached skill level 4 in Unarmed Combat
   379 | D:1      | Reached XP level 3. HP: 33/36 MP: 2/2
   524 | D:1      | Found a shimmering altar of Xom.
   529 | D:1      | Found a shattered altar of Ashenzari.
   529 | D:1      | Found a shadowy altar of Dithmenos.
   531 | D:1      | Found a sacrificial altar of Ru.
   531 | D:1      | Found a glowing silver altar of Zin.
   531 | D:1      | Found a deep blue altar of Sif Muna.
  1062 | D:2      | Noticed Robin
  1073 | D:2      | Killed Robin
  1073 | D:2      | Reached skill level 5 in Unarmed Combat
  1073 | D:2      | Reached XP level 4. HP: 44/44 MP: 3/3
  1108 | D:2      | Found a shimmering altar of Xom.
  1262 | D:2      | Found a blossoming altar of Fedhas.
  1326 | D:2      | Found an opulent altar of Gozag.
  1494 | D:3      | Noticed a hungry ghost
  2108 | D:4      | Reached XP level 5. HP: 50/50 MP: 4/4
  2135 | D:4      | Reached skill level 6 in Unarmed Combat
  2239 | D:4      | Noticed Armakuni's ghost (amateur DEGl)
  2253 | D:4      | Killed Armakuni's ghost
  2253 | D:4      | Reached skill level 7 in Unarmed Combat
  2253 | D:4      | Reached XP level 6. HP: 18/59 MP: 5/5
  2488 | D:4      | Reached skill level 8 in Unarmed Combat
  2488 | D:4      | Reached XP level 7. HP: 66/66 MP: 6/6
  2872 | D:4      | Found a shattered altar of Ashenzari.
  2915 | D:5      | Entered Level 5 of the Dungeon
  2961 | D:5      | Reached skill level 9 in Unarmed Combat
  3250 | D:5      | Found a shadowy altar of Dithmenos.
  3252 | D:5      | Reached XP level 8. HP: 74/74 MP: 7/7
  3459 | D:6      | Reached skill level 10 in Unarmed Combat
  3848 | D:6      | Found a burning altar of Makhleb.
  3850 | D:6      | Found a white marble altar of Elyvilon.
  3943 | D:6      | Reached skill level 11 in Unarmed Combat
  3950 | D:6      | Found a snail-covered altar of Cheibriados.
  4255 | D:7      | Found a staircase to the Ecumenical Temple.
  4258 | Temple   | Entered the Ecumenical Temple
  4284 | Temple   | Became a worshipper of Hepliaklqana the Forgotten
  4284 | Temple   | Reached * piety under Hepliaklqana
  4284 | Temple   | Reached ** piety under Hepliaklqana
  4289 | Temple   | Remembered your ancestor Dudu Oson as a hexer
  4590 | D:7      | Reached XP level 9. HP: 44/72 MP: 8/8
  4658 | D:7      | Reached skill level 12 in Unarmed Combat
  5072 | D:7      | Reached skill level 13 in Unarmed Combat
  5196 | D:7      | Found a deep blue altar of Sif Muna.
  5556 | D:8      | Slain by an ice beast

Vault maps used:
D:1:      roderic_crossed_star, doesnt_xom_only_xom
D:2:      lemuel_round_altar, lemuel_coloured_pillars_altar, fedhas_altar_3,
          uniq_robin
D:3:      lightli_corner_chamber
D:4:      nicolae_overflow_hidden_temple, st_stairs_9, serial_bayou_pond_b
D:5:      nicolae_dithmenos_shadow_blocks, first_bread
D:6:      kennysheep_slug_shrine, chequers_temple_overflow_statue_of_worship
D:7:      marbit_many_paths, wad_rectangle_vault
Temple:   nicolae_temple_hex_pool

Skill      XL: |  1  2  3  4  5  6  7  8  9 |
---------------+----------------------------+-----
Unarmed Combat | 4 5 7 8 9 11 13 | 13.9
Fighting       | |  2.4
Dodging        | |  2.4
Stealth        | |  1.0

Action                   |  1- 3 |  4- 6 |  7- 9 || total
-------------------------+-------+-------+-------++-------
Melee: Unarmed           |   118 |   111 |   215 ||   444
       Punch             |       |     1 |     8 ||     9
Invok: Ancestor Identity |       |       |     2 ||     2
       Ancestor Life: He |       |       |     1 ||     1
       Recall Ancestor   |       |       |     2 ||     2
  Use: Scroll            |       |       |    16 ||    16
       Potion            |       |       |     8 ||     8
 Stab: Sleeping          |     1 |     1 |     2 ||     4
       Distracted        |       |       |     2 ||     2
  Eat: Chunk             |    15 |    11 |    30 ||    56
Armor: Robe              |    44 |       |       ||    44
       Animal skin       |       |    34 |    59 ||    93
       Skin              |       |       |    84 ||    84
Dodge: Dodged            |    83 |    54 |   106 ||   243
